 Dungeon Crawl Stone Soup version 0.31.0 (webtiles) character file.

Game seed: 11992317758816999563

3155 Migumi the Grappler (level 9, 0/85 HPs)
             Began as a Troll Monk on Jan 19, 2024.
             Was a Priest of Makhleb.
             Slain by a slime creature (11 damage)
             ... on level 9 of the Dungeon.
             The game lasted 00:21:37 (5896 turns).

Migumi the Grappler (Troll Monk)                    Turns: 5896, Time: 00:21:37

Health: 0/85       AC:  8    Str: 31    XL:     9   Next: 62%
Magic:  8/8        EV: 26    Int:  7    God:    Makhleb [***...]
Gold:   467        SH:  0    Dex: 12    Spells: 8/8 levels left

rFire   + .          .
                       - Unarmed
rCold   + . .        c - orb {light}
rNeg    . . .        L - +2 robe "Giunk" {Regen+ Str+6 Int+4}
rPois   .            (helmet restricted)
rElec   +            C - +1 cloak
rCorr   .            (gloves unavailable)
SInv    .            (boots unavailable)
Will    +....        n - amulet of the acrobat
Stlth   +            B - ring of Kirgharo {rElec rF+ Will+ Int-3 Stlth+}
HPRegen 1.94/turn    E - ring of protection from cold
MPRegen 0.11/turn

%: acrobat
@: acrobatic, glowing
A: large, unfitting armour, claws 3, regeneration 1, shaggy fur 1, tough skin 1
a: Renounce Religion, Minor Destruction, Lesser Servant of Makhleb


You were on level 9 of the Dungeon.
You worshipped Makhleb.
Makhleb was most pleased with you.
You visited 2 branches of the dungeon, and saw 10 of its levels.
You also visited: Sewer.

You collected 467 gold pieces.

Inventory:

Hand Weapons
 y - the +5 sling "Ranetukh" {antimagic, rF+}
   (You found it on level 5 of the Dungeon)

   rF+:       It protects you from fire.
Missiles
 q - 17 poisoned darts (quivered)
 A - 65 stones
Armour
 a - a +0 robe
 c - an orb of light (worn)
 u - an orb of guile
 C - a +1 cloak (worn)
 H - an orb of energy
 L - the +2 robe "Giunk" (worn) {Regen+ Str+6 Int+4}
   (You found it on level 8 of the Dungeon)

   Str+6:     It affects your strength (+6).
   Int+4:     It affects your intelligence (+4).
   Regen+:    It increases your rate of health regeneration.
Jewellery
 l - a ring of wizardry
 n - an amulet of the acrobat (around neck)
 B - the ring of Kirgharo (left claw) {rElec rF+ Will+ Int-3 Stlth+}
   (You found it on level 6 of the Dungeon)

   [ring of protection from fire]

   Int-3:     It affects your intelligence (-3).
   rF+:       It protects you from fire.
   rElec:     It insulates you from electricity.
   Will+:     It increases your willpower.
   Stlth+:    It makes you more stealthy.
 E - a ring of protection from cold (right claw)
 F - a ring of see invisible
 M - a ring of poison resistance
Wands
 K - a wand of light (8)
 N - a wand of digging (7)
Scrolls
 e - 2 scrolls of fog {unknown}
 f - a scroll of poison {unknown}
 g - 2 scrolls of noise {unknown}
 h - 6 scrolls of teleportation {unknown}
 i - a scroll of torment {unknown}
 j - a scroll of fear {unknown}
 k - 4 scrolls of identify {unknown}
 m - a scroll of silence {unknown}
 p - 2 scrolls of brand weapon {unknown}
 t - 2 scrolls of enchant armour {unknown}
 G - a scroll of enchant weapon {unknown}
 I - a scroll of blinking {unknown}
 J - a scroll of vulnerability {unknown}
Potions
 b - 2 potions of ambrosia
 d - 3 potions of magic {unknown}
 o - 6 potions of curing {unknown}
 r - a potion of lignification {unknown}
 s - 4 potions of heal wounds {unknown}
 v - 3 potions of brilliance {unknown}
 w - a potion of cancellation {unknown}
 x - 4 potions of might {unknown}
 z - 3 potions of haste {unknown}
 D - a potion of berserk rage {unknown}


   Skills:
 + Level 4.4 Fighting
 + Level 5.5 Dodging
 + Level 1.3 Stealth
 + Level 11.4 Unarmed Combat


You had 8 spell levels left.
You didn't know any spells.
Your spell library contained the following spells:

 Spells                   Type           Power      Damage    Failure   Level
 Hailstorm                Conj/Ice       0%         3d5       80%         3
 Summon Ice Beast         Ice/Summ       0%         N/A       80%         3
 Volatile Blastmotes      Fire/Tloc      0%         2d10      80%         3
 Fulminant Prism          Conj/Alch      0%         3d5       99%         4
 Iskenderun's Mystic Bla  Conj/Tloc      0%         2d3       99%         4
 Sculpt Simulacrum        Ice/Alch       0%         N/A       100%        6


Dungeon Overview and Level Annotations

Branches:
Dungeon (9/15)             Temple (1/1) D:5           Sewer (visited)
   Lair: D:8-11         Orc: D:9-12

Altars:
Ashenzari
Cheibriados
Dithmenos
Elyvilon
Fedhas
Gozag
Hepliaklqana
Kikubaaqudgha
Makhleb
Nemelex Xobeh
Okawaru
Sif Muna
Trog
Uskayaw
Vehumet
Wu Jian
Xom
Yredelemnul
Zin
The Shining One

Shops:
D:3 =

Annotations:
Temple 2 transporters


Innate Abilities, Weirdness & Mutations

You are too large for most types of armour.
You have claws for hands.
Your natural rate of healing is unusually fast.
You are covered in fur. (AC +1)
You have tough skin. (AC +1)


Message History

You claw the slime creature!
The slime creature is heavily wounded.
The slime creature hits you.
A slime creature comes into view.
You scratch the slime creature.
The slime creature is severely wounded.
The slime creature hits you.
A slime creature comes into view.
The slime creature barely misses you.
You scratch the slime creature.
The slime creature is severely wounded.
You claw the slime creature!
The slime creature is almost dead.
The slime creature hits you!
Two slime creatures merge to form a large slime creature.
The slime creature hits you but does no damage.
You scratch the slime creature but do no damage.
The slime creature is almost dead.
The slime creature hits you! x2
You scratch the slime creature.
The slime creature is almost dead.
The slime creature hits you but does no damage.
The slime creature hits you!!
You claw the slime creature!
You kill the slime creature!
Makhleb accepts your kill. The slime creature hits you!
A large slime creature splits.
The slime creature misses you.
You mangle the slime creature!!
The slime creature is moderately wounded.
You scratch the slime creature but do no damage.
The slime creature is moderately wounded.
The slime creature hits you!
* * * LOW HITPOINT WARNING * * *
The slime creature hits you!
* * * LOW HITPOINT WARNING * * *
The slime creature closely misses you.
Two slime creatures merge to form a large slime creature.
The slime creature hits you!
You die...

.# #...#
#.......# ..#
.# #...#
#.......# ...#
.# #...#
#..###..##...#
#...# #..#
#.......#
#...# #..#
#.......#
#...# #..#
#..#####. #..#
#†.# #.. #..#
#@.# #JJ# #..#
#..# #..# #...
..... ...##
#..#


You could see a large slime creature and a slime creature.

Vanquished Creatures
  Grinder (D:4)
  A slime creature (D:9)
  2 wyverns
  A black bear (D:5)
  3 ogres
  3 centaurs
  A phantom (D:6)
  4 bullfrogs
  A gnoll sergeant (D:7)
  2 scorpions
  6 killer bees (D:7)
  A howler monkey (D:9)
  6 hounds
  5 jellies
  Crazy Yiuf (D:3)
  2 orc priests (D:6)
  9 iguanas
  2 sleepcaps
  Terence (D:3)
  2 orc wizards
  5 gnolls (D:7)
  19 adders
  A river rat (Sewer)
  2 shadow imps
  A white imp (D:7)
  2 ufetubi (D:5)
  A dart slug (D:3)
  12 orcs
  6 ball pythons
  7 bats
  12 endoplasms
  10 giant cockroaches
  4 goblins
  5 hobgoblins
  2 jackals (D:4)
  5 quokkas
  9 frilled lizards
  6 kobolds
  13 rats
176 creatures vanquished.

Notes
Turn   | Place    | Note
-------+----------+-------------------------------------------
     0 | D:1      | Migumi the Troll Monk began the quest for the Orb.
     0 | D:1      | Reached XP level 1. HP: 22/22 MP: 0/0
   116 | D:1      | Reached XP level 2. HP: 29/29 MP: 1/1
   155 | D:1      | You fall into a shaft and drop 1 floor!
   298 | D:2      | Reached XP level 3. HP: 36/36 MP: 2/2
   773 | D:2      | Reached XP level 4. HP: 44/44 MP: 3/3
   814 | D:1      | Reached skill level 4 in Unarmed Combat
  1307 | D:3      | Reached XP level 5. HP: 53/53 MP: 4/4
  1611 | D:3      | Found Ybixatt's Jewellery Boutique.
  1615 | D:3      | Noticed Terence
  1623 | D:3      | Killed Terence
  1624 | D:3      | Reached skill level 5 in Unarmed Combat
  1891 | D:3      | Found a runed translucent door.
  1892 | D:3      | Noticed Crazy Yiuf
  1900 | D:3      | Killed Crazy Yiuf
  1973 | D:4      | Reached XP level 6. HP: 57/61 MP: 5/5
  2014 | D:4      | Noticed Grinder
  2015 | D:4      | Paralysed by Grinder for 4 turns
  2028 | D:4      | Killed Grinder
  2029 | D:4      | Reached skill level 6 in Unarmed Combat
  2029 | D:4      | Reached XP level 7. HP: 37/67 MP: 6/6
  2560 | D:5      | Entered Level 5 of the Dungeon
  2569 | D:5      | Reached skill level 7 in Unarmed Combat
  2659 | D:5      | Found a glowing drain.
  2691 | Sewer    | Entered a sewer
  2815 | Sewer    | Found a shimmering altar of Xom.
  2947 | D:5      | Reached skill level 8 in Unarmed Combat
  2947 | D:5      | Reached XP level 8. HP: 57/75 MP: 7/7
  2952 | D:5      | Found a staircase to the Ecumenical Temple.
  2953 | D:5      | Identified the +5 sling "Ranetukh" {antimagic, rF+}
  2963 | Temple   | Found a transporter.
  2963 | Temple   | Found a transporter.
  2963 | Temple   | Found a transporter.
  2963 | Temple   | Found a transporter.
  2963 | Temple   | Entered the Ecumenical Temple
  3031 | Temple   | Became a worshipper of Makhleb the Destroyer
  3031 | Temple   | Reached * piety under Makhleb
  3031 | Temple   | Reached ** piety under Makhleb
  3790 | D:6      | Reached skill level 9 in Unarmed Combat
  3897 | D:6      | Found a blossoming altar of Fedhas.
  4010 | D:6      | Identified the ring of Kirgharo {rElec rF+ Will+ Int-3
                  | Stlth+}
  4319 | D:6      | Found a glowing silver altar of Zin.
  4319 | D:6      | Noticed an angel
  4575 | D:7      | Reached skill level 5 in Dodging
  4575 | D:7      | Reached skill level 10 in Unarmed Combat
  4575 | D:7      | Reached XP level 9. HP: 55/84 MP: 8/8
  4599 | D:7      | Reached skill level 1 in Stealth
  4599 | D:7      | Reached *** piety under Makhleb
  4996 | D:7      | Identified the +8 flail of Pofe {freeze, rElec rPois Int-3
                  | Stlth+}
  5177 | D:8      | Identified the +2 robe "Giunk" {Regen+ Str+6 Int+4}
  5307 | D:8      | Found a hazy altar of Hepliaklqana.
  5473 | D:8      | Reached skill level 11 in Unarmed Combat
  5896 | D:9      | Slain by a slime creature

Illustrated notes

Levels and vault maps discovered:
D:1:      minmay_arrival_semitransparent, layout_rooms
D:2:      layout_loops_ring, minmay_bisected
D:3:      layout_basic, serial_shops, shop, kennysheep_generic_room_7,
          uniq_crazy_yiuf_cottage, uniq_terence
D:4:      layout_loops_ring, uniq_grinder
D:5:      layout_cave_pods, minmay_temple_entry_grid, portal_sewer_entry_f
D:6:      layout_gridville, mainiacjoe_overflow_concentric_impassable, zin_angel
D:7:      layout_rooms, eino_jars
D:8:      layout_loops_ring, lemuel_coloured_pillars_altar, serial_rivers,
          chequers_serial_rivers_room_b, chequers_serial_rivers_room_a,
          chequers_serial_rivers_micro_c, chequers_serial_rivers_small_a
D:9:      layout_long_grid, nicolae_qazlal_style_of_elements,
          grunt_lair_entry_orc_guard_hut, serial_shops,
          nicolae_shop_real_fake_doors, uniq_erica
Temple:   hellmonk_temple_divided_pantheon

Skill      XL: |  1  2  3  4  5  6  7  8  9 |
---------------+----------------------------+-----
Dodging        | 3 4 5 |  5.5
Unarmed Combat | 4 5 6 8 10 11 | 11.4
Fighting       | 3 4 |  4.4
Stealth        | 1 |  1.3

Action                     |  1- 3 |  4- 6 |  7- 9 || total
---------------------------+-------+-------+-------++-------
  Melee: Unarmed           |    70 |    86 |   269 ||   425
 Armour: Robe              |    41 |    67 |   195 ||   303
  Dodge: Dodged            |    39 |    55 |   172 ||   266
